 Dungeon Crawl Stone Soup version 0.29-a0-283-ga02f740833 (webtiles) character file.

Game seed: 17593416569631728189

1911 Gildeon the Shield-Bearer (level 9, -1/65 HPs)
             Began as a Gnoll Fighter on Mar 13, 2022.
             Slain by an orc warrior
             ... wielding a +0 glaive
              (20 damage)
             ... on level 6 of the Dungeon.
             The game lasted 00:16:38 (4104 turns).

Gildeon the Shield-Bearer (Gnoll Fighter)           Turns: 4104, Time: 00:16:39

Health: -1/65      AC: 11    Str: 16    XL:     9   Next: 16%
Magic:  15/15      EV: 13    Int: 11    God:
Gold:   246        SH:  7    Dex: 20    Spells: 7/16 levels left

rFire   . . .      SeeInvis .   r - +3 war axe (venom)
rCold   + . .      Faith    .   c - +0 buckler
rNeg    . . .      Spirit   .   s - +2 leather armour {rC+}
rPois   .          Reflect  .   i - +0 helmet
rElec   .          Harm     +   f - +1 cloak "Gobuowkutin" {Harm rCorr}
rCorr   +          Rampage  .   (no gloves)
Will    .....                   (no boots)
Stlth   +++.......              g - amulet of regeneration
HPRegen 1.00/turn               a - +6 ring of dexterity
MPRegen 0.14/turn               (no ring)

@: studying Fire Magic
A: fangs 1, strong nose, distributed training, iridescent scales 1, agile 1,
frail 1
a: no special abilities


You were on level 6 of the Dungeon.
You visited 1 branch of the dungeon, and saw 6 of its levels.

You collected 312 gold pieces.
You spent 66 gold pieces at shops.

Inventory:

Hand Weapons
 r - a +3 war axe of venom (weapon)
 u - a +2 whip of flaming
Missiles
 p - 6 poisoned darts (quivered)
Armour
 c - a +0 buckler (worn)
 f - the +1 cloak "Gobuowkutin" (worn) {Harm rCorr}
   (You found it on level 2 of the Dungeon)

   rCorr:     It protects you from acid and corrosion.
   Harm:      It increases damage dealt and taken.
 i - a +0 helmet (worn)
 s - a +2 leather armour of cold resistance (worn)
Jewellery
 a - a +6 ring of dexterity (left hand)
 g - an amulet of regeneration (around neck)
Wands
 w - a wand of iceblast (11)
Scrolls
 b - 3 scrolls of fog
 e - 3 scrolls of teleportation
 k - a scroll of amnesia
 o - 3 scrolls of blinking {unknown}
 t - a scroll of enchant weapon {unknown}
 v - a scroll of fear {unknown}
 x - a scroll of silence {unknown}
 y - a scroll of enchant armour {unknown}
 A - a scroll of acquirement {unknown}
Potions
 d - 2 potions of might
 h - a potion of lignification
 j - a potion of heal wounds
 l - 2 potions of magic
 m - a potion of berserk rage
 n - 2 potions of brilliance {unknown}
 q - a potion of flight {unknown}
 z - 2 potions of curing {unknown}


   Skills:
 + Level 7.7 Fighting
 + Level 4.0 Short Blades
 + Level 4.0 Long Blades
 + Level 4.0 Axes
 + Level 4.0 Maces & Flails
 + Level 6.1 Polearms
 + Level 4.0 Staves
 + Level 4.0 Slings
 + Level 4.0 Bows
 + Level 4.0 Crossbows
 + Level 4.0 Throwing
 + Level 7.7 Armour
 + Level 4.0 Dodging
 + Level 4.0 Stealth
 + Level 7.7 Shields
 + Level 4.0 Unarmed Combat
 + Level 4.0 Spellcasting
 + Level 3.2 Conjurations
 + Level 3.2 Hexes
 + Level 3.2 Summonings
 + Level 3.2 Necromancy
 + Level 3.2 Translocations
 + Level 3.2 Transmutations
 + Level 3.5 Fire Magic
 + Level 3.2 Ice Magic
 + Level 3.2 Air Magic
 + Level 3.2 Earth Magic
 + Level 3.2 Poison Magic
 + Level 4.3 Invocations
 + Level 4.0 Evocations


You had 7 spell levels left.
You knew the following spells:

 Your Spells              Type           Power      Damage    Failure   Level
a - Summon Small Mammal   Summ           36%        N/A       9%          1
b - Shock                 Conj/Air       36%        1d5       9%          1
c - Slow                  Hex            36%        N/A       9%          1
d - Blink                 Tloc           18%        N/A       14%         2
e - Ensorcelled Hibernat  Hex/Ice        18%        N/A       14%         2
f - Passwall              Tmut/Erth      7%         N/A       14%         2

Your spell library contained the following spells:

 Spells                   Type           Power      Damage    Failure   Level
 Call Canine Familiar     Summ           9%         N/A       26%         3
 Confusing Touch          Hex            9%         N/A       26%         3
 Lesser Beckoning         Tloc           9%         N/A       26%         3
 Summon Guardian Golem    Hex/Summ       9%         N/A       26%         3
 Swiftness                Air            9%         N/A       26%         3
 Vampiric Draining        Necr           9%         2d6       26%         3
 Airstrike                Air            4%         N/A       65%         4
 Manifold Assault         Tloc           9%         N/A       94%         5


Dungeon Overview and Level Annotations

Branches:
Dungeon (6/15)
 Temple: D:4-7

Altars:

Shops:
D:2 *


Innate Abilities, Weirdness & Mutations

You have very sharp teeth.
Your uncanny sense of smell can sniff out nearby items.
Your experience applies equally to all skills.
You are partially covered in iridescent scales. (AC +2)
You are agile. (Dex +2)
You are frail. (-10% HP)


Message History

An orc warrior and an orc wizard come into view.
The orc shouts!
The orc warrior shouts!
The orc wizard shouts!
The orc hits you but does no damage. The orc closely misses you.
You closely miss the orc. Your bite misses the orc. The orc closely misses you.
You block the orc's attack.
You hit the orc.
The orc is poisoned.
The orc is almost dead.
The orc hits you but does no damage. The orc barely misses you.
You barely miss the orc. You bite the orc.
You kill the orc!
The orc warrior hits you with a +0 glaive!
The orc misses you.
Things that are here:
a +0 club; an orc corpse You hit the orc warrior.
The orc warrior is lightly wounded.
The orc warrior hits you with a +0 glaive!
You hit the orc warrior.
The orc warrior is poisoned.
The orc warrior is heavily wounded.
The orc warrior misses you.
You hit the orc warrior but do no damage.
The orc warrior looks as sick as possible!
The orc warrior is heavily wounded.
The orc warrior hits you with a +0 glaive!
You block the orc warrior's attack.
You hit the orc warrior but do no damage.
The orc warrior looks as sick as possible!
The orc warrior is severely wounded.
The orc warrior hits you with a +0 glaive!
* * * LOW HITPOINT WARNING * * *
You hit the orc warrior but do no damage.
The orc warrior looks as sick as possible!
Your bite misses the orc warrior.
The orc warrior is severely wounded.
The orc warrior barely misses you.
You hit the orc warrior but do no damage.
The orc warrior looks as sick as possible!
The orc warrior is almost dead.
The orc warrior hits you with a +0 glaive!
You die...

#.# ###.# ∆
#...# #...#
#...# ##.##
##.##
########...##..#
∆
#ooo@..........#
#o######...###.#
##.## #.# #.#
#.. ∆ #.. ∆ ..#


You could see an orc warrior (extremely poisoned), an orc wizard and 2 orcs.

Vanquished Creatures
  Pikel (D:5)
  Grinder (D:5)
  Sigmund (D:2)
  Eustachio (D:4)
  An ice beast (D:5)
  A black bear (D:4)
  A sky beast (D:5)
  A phantom (D:5)
  A necrophage (D:5)
  A howler monkey (D:5)
  4 hounds
  An orc priest (D:4)
  A jelly (D:5)
  2 iguanas
  3 orc wizards
  10 adders
  A gnoll (D:1)
  An ufetubus (D:5)
  2 worms
  4 dart slugs
  10 orcs
  7 ball pythons
  3 bats
  8 endoplasms
  6 giant cockroaches
  6 goblins
  8 hobgoblins
  9 jackals
  8 kobolds
  3 quokkas
  4 frilled lizards
  3 rats
114 creatures vanquished.

Vanquished Creatures (others)
  A plant (D:2)
1 creature vanquished.

Grand Total: 115 creatures vanquished

Notes
Turn   | Place    | Note
-------+----------+-------------------------------------------
     0 | D:1      | Gildeon the Gnoll Fighter began the quest for the Orb.
     0 | D:1      | Reached XP level 1. HP: 23/23 MP: 1/1
   150 | D:1      | Reached XP level 2. HP: 29/29 MP: 2/2
   237 | D:1      | Found a faded altar of an unknown god.
   439 | D:1      | Reached XP level 3. HP: 35/35 MP: 3/3
   641 | D:1      | Reached skill level 1 in Invocations
   872 | D:1      | Learned a level 1 spell: Summon Small Mammal
  1095 | D:2      | Learned a level 1 spell: Shock
  1096 | D:2      | Gained mutation: Your spells are a little easier to cast,
                  | but a little less powerful. [potion of mutation]
  1110 | D:2      | Noticed Sigmund
  1120 | D:2      | Killed Sigmund
  1121 | D:2      | Reached skill level 1 in Short Blades
  1121 | D:2      | Reached skill level 1 in Long Blades
  1121 | D:2      | Reached skill level 1 in Axes
  1121 | D:2      | Reached skill level 1 in Maces & Flails
  1121 | D:2      | Reached skill level 1 in Staves
  1121 | D:2      | Reached skill level 1 in Slings
  1121 | D:2      | Reached skill level 1 in Bows
  1121 | D:2      | Reached skill level 1 in Crossbows
  1121 | D:2      | Reached skill level 1 in Throwing
  1121 | D:2      | Reached skill level 1 in Dodging
  1121 | D:2      | Reached skill level 1 in Stealth
  1121 | D:2      | Reached skill level 1 in Unarmed Combat
  1121 | D:2      | Reached skill level 1 in Spellcasting
  1121 | D:2      | Reached skill level 1 in Conjurations
  1121 | D:2      | Reached skill level 1 in Hexes
  1121 | D:2      | Reached skill level 1 in Summonings
  1121 | D:2      | Reached skill level 1 in Necromancy
  1121 | D:2      | Reached skill level 1 in Translocations
  1121 | D:2      | Reached skill level 1 in Transmutations
  1121 | D:2      | Reached skill level 1 in Fire Magic
  1121 | D:2      | Reached skill level 1 in Ice Magic
  1121 | D:2      | Reached skill level 1 in Air Magic
  1121 | D:2      | Reached skill level 1 in Earth Magic
  1121 | D:2      | Reached skill level 1 in Poison Magic
  1121 | D:2      | Reached skill level 1 in Evocations
  1121 | D:2      | Reached XP level 4. HP: 29/41 MP: 4/6
  1121 | D:2      | Reached XP level 5. HP: 34/47 MP: 4/7
  1180 | D:2      | Found Giusch's Assorted Antiques.
  1206 | D:2      | Bought a scroll labelled COINLU TAHOW for 22 gold pieces
  1257 | D:2      | Identified the +1 cloak "Gobuowkutin" {Harm rCorr}
  1432 | D:2      | Reached XP level 6. HP: 51/53 MP: 8/8
  1813 | D:2      | Bought a scroll of identify for 44 gold pieces
  1953 | D:3      | Reached skill level 5 in Polearms
  1996 | D:3      | Learned a level 1 spell: Slow
  2371 | D:4      | Noticed a black bear
  2473 | D:4      | Killed a black bear
  2474 | D:4      | Reached XP level 7. HP: 59/59 MP: 10/10
  2520 | D:4      | Noticed Eustachio
  2562 | D:4      | Killed Eustachio
  2569 | D:4      | Lost mutation: Your spells are a little easier to cast, but
                  | a little less powerful. [potion of mutation]
  2569 | D:4      | Gained mutation: You are partially covered in iridescent
                  | scales. (AC +2) [potion of mutation]
  2569 | D:4      | Gained mutation: You are agile. (Dex +2) [potion of
                  | mutation]
  2569 | D:4      | Gained mutation: You are frail. (-10% HP) [potion of
                  | mutation]
  3249 | D:5      | Entered Level 5 of the Dungeon
  3263 | D:5      | Noticed Pikel
  3270 | D:5      | Killed Pikel
  3271 | D:5      | Reached XP level 8. HP: 60/60 MP: 12/12
  3276 | D:5      | Learned a level 2 spell: Blink
  3279 | D:5      | Learned a level 2 spell: Ensorcelled Hibernation
  3282 | D:5      | Learned a level 2 spell: Passwall
  3830 | D:5      | Noticed Grinder
  3839 | D:5      | Killed Grinder
  3840 | D:5      | Reached XP level 9. HP: 46/65 MP: 14/14
  4104 | D:6      | Slain by an orc warrior

Illustrated notes

Levels and vault maps discovered:
D:1:      scummos_arrival_simple_fountains, layout_basic, serial_forest,
          infiniplex_forest_end_2, infiniplex_forest_straight_4,
          infiniplex_forest_lined_1, infiniplex_forest_clump_diagonal,
          infiniplex_forest_lined_room_2, infiniplex_forest_diagonal,
          infiniplex_forest_side_room, hellmonk_ecumenical_altar_heavens_door,
          minmay_split_cup_small
D:2:      layout_loops_ring, serial_shops,
          nicolae_shop_temple_entry_statues_fountains, serial_forest,
          infiniplex_forest_clump_long, infiniplex_forest_clump_tiny,
          infiniplex_forest_end_1, infiniplex_forest_clump_diagonal,
          infiniplex_forest_straight_4, infiniplex_forest_lined_3,
          infiniplex_forest_clump_long, infiniplex_forest_straight_2,
          uniq_sigmund
D:3:      layout_basic, minmay_bisected
D:4:      layout_basic, uniq_eustachio
D:5:      minmay_inner_zag, layout_loops_cross, minmay_manual_mail, uniq_pikel,
          uniq_grinder
D:6:      layout_loops_ring, minmay_temple_entry_drinking_statues

Skill      XL: |  1  2  3  4  5  6  7  8  9 |
---------------+----------------------------+-----
Invocations    | 1 2 3 4 |  4.3
Short Blades   | 1 2 3 4 |  4.0
Long Blades    | 1 2 3 4 |  4.0
Axes           | 1 2 3 4 |  4.0
Maces & Flails | 1 2 3 4 |  4.0
Staves         | 1 2 3 4 |  4.0
Slings         | 1 2 3 4 |  4.0
Bows           | 1 2 3 4 |  4.0
Crossbows      | 1 2 3 4 |  4.0
Throwing       | 1 2 3 4 |  4.0
Dodging        | 1 2 3 4 |  4.0
Stealth        | 1 2 3 4 |  4.0
Unarmed Combat | 1 2 3 4 |  4.0
Spellcasting   | 1 2 3 4 |  4.0
Conjurations   | 1 2 3 |  3.2
Hexes          | 1 2 3 |  3.2
Summonings     | 1 2 3 |  3.2
Necromancy     | 1 2 3 |  3.2
Translocations | 1 2 3 |  3.2
Transmutations | 1 2 3 |  3.2
Fire Magic     | 1 2 3 |  3.5
Ice Magic      | 1 2 3 |  3.2
Air Magic      | 1 2 3 |  3.2
Earth Magic    | 1 2 3 |  3.2
Poison Magic   | 1 2 3 |  3.2
Evocations     | 1 2 3 4 |  4.0
Polearms       | 5 6 |  6.1
Fighting       | 7 |  7.7
Armour         | 7 |  7.7
Shields        | 7 |  7.7

Action                   |  1- 3 |  4- 6 |  7- 9 || total
-------------------------+-------+-------+-------++-------
Melee: Trident           |    86 |    27 |       ||   113
       Bite              |     5 |    11 |    14 ||    30
       Rapier            |       |    78 |    80 ||   158
       War axe           |       |       |    96 ||    96
Throw: Dart              |       |     4 |       ||     4
  Use: Scroll            |     3 |     6 |     1 ||    10
       Potion            |     2 |     1 |     1 ||     4
 Stab: Sleeping          |       |       |     6 ||     6
Armor: Scale mail        |    31 |    22 |       ||    53
       Chain mail        |       |    10 |    83 ||    93
       Leather armour    |       |       |    32 ||    32
Dodge: Dodged            |    40 |    33 |    83 ||   156
Block: Buckler           |    17 |    27 |    60 ||   104

Table legend: (Time is in decaauts)
 A = Elapsed time spent in this place.
 B = Non-inter-level travel time spent in this place.
 C = Inter-level travel time spent in this place.
 D = Time resting spent in this place.
 E = Time spent auto-exploring this place.
 F = Levels seen in this place.
 G = Mean time per level.
                   A        B        C        D        E       F      G
               +--------+--------+--------+--------+--------+-----+--------+
         Total |   4182 |   3984 |    198 |      0 |   2824 |   6 |  697.0 |
       Dungeon |   4182 |   3984 |    198 |      0 |   2824 |   6 |  697.0 |
               +--------+--------+--------+--------+--------+-----+--------+

Top non-repeatable levels by time:
     D:1: 1021 daAuts
     D:4: 886 daAuts
     D:5: 845 daAuts
     D:2: 818 daAuts
     D:3: 570 daAuts
     D:6: 39 daAuts
